 Dungeon Crawl Stone Soup version 0.30-a0-900-g23479c02f2 (webtiles) character file.

Game seed: 8971054792161269339

120 cheesebisquit the Firebug (level 4, -4/36 HPs)
             Began as a Draconian Fire Elementalist on Mar 18, 2023.
             Slain by a gnoll
             ... wielding a +0 flail
              (6 damage)
             ... on level 3 of the Dungeon.
             The game lasted 00:10:13 (2447 turns).

cheesebisquit the Firebug (DrFE)                    Turns: 2447, Time: 00:10:14

Health: -4/36      AC:  5    Str: 10    XL:     4   Next: 75%
Magic:  2/8        EV: 12    Int: 17    God:
Gold:   135        SH:  0    Dex: 12    Spells: 5/8 levels left

rFire   . . .      SeeInvis +    e - +0 arbalest
rCold   . . .      Faith    .    (shield currently unavailable)
rNeg    . . .      Spirit   .    (body armour unavailable)
rPois   .          Reflect  .    (helmet restricted)
rElec   .          Rampage  .    (no cloak)
rCorr   .                        (no gloves)
Will    +....                    (no boots)
Stlth   ++                       a - amulet of the acrobat
HPRegen 0.26/turn                f - ring of willpower
MPRegen 0.11/turn                m - ring of see invisible

@: very slightly contaminated
A: AC +5, unfitting armour, cold-blooded
a: no special abilities


You were on level 3 of the Dungeon.
You visited 1 branch of the dungeon, and saw 3 of its levels.

You collected 135 gold pieces.

Inventory:

Hand Weapons
 b - a +0 dagger
 d - a +0 club
 e - a +0 arbalest (weapon)
 p - a +0 quarterstaff
Missiles
 n - 4 poisoned darts
Jewellery
 a - an amulet of the acrobat (around neck)
 f - a ring of willpower (left hand)
 m - a ring of see invisible (right hand)
Scrolls
 i - a scroll of poison {unknown}
 j - 3 scrolls of identify {unknown}
 k - 3 scrolls of brand weapon {unknown}
 l - 2 scrolls of teleportation {unknown}
 o - 2 scrolls of enchant weapon {unknown}
Potions
 c - 2 potions of invisibility {unknown}
 h - 3 potions of mutation {unknown}


   Skills:
 + Level 2.1 Fighting
 + Level 2.7 Dodging
 - Level 1.7 Stealth
 + Level 2.8 Spellcasting
 - Level 1.0 Conjurations
 + Level 3.8 Fire Magic


You had 5 spell levels left.
You knew the following spells:

 Your Spells              Type           Power      Damage    Failure   Level
a - Foxfire               Conj/Fire      40%        2x1d6     7%          1
z - Scorch                Fire           30%        2d6       5%          2

Your spell library contained the following spells:

 Spells                   Type           Power      Damage    Failure   Level
 Inner Flame              Hex/Fire       9%         N/A       24%         3
 Kindle Blastsparks       Fire/Tloc/Air  12%        2d11      30%         3
 Summon Guardian Golem    Hex/Summ       2%         N/A       47%         3
 Flame Wave               Conj/Fire      10%        2d6       54%         4
 Summon Ice Beast         Ice/Summ       2%         N/A       87%         4
 Summon Forest            Summ/Tloc      1%         N/A       99%         5
 Monstrous Menagerie      Summ           1%         N/A       100%        7


Dungeon Overview and Level Annotations

Branches:
Dungeon (3/15)

Altars:

Shops:
D:1 [


Innate Abilities, Weirdness & Mutations

Your plain brown scales are hard. (AC +5)
You cannot fit into any form of body armour.
You are cold-blooded and may be slowed by cold attacks.


Message History

The gnoll shouts!
You hear a shout!
You conjure some foxfire!
The gnoll unwields a +0 sling.
The gnoll wields a +0 spear.
The gnoll hits you with a +0 spear.
You shoot a bolt. The bolt hits the gnoll!
The gnoll is severely wounded.
The foxfire hits the gnoll.
You kill the gnoll!
Your foxfire dissipates!
A gnoll comes into view. It is wielding a +0 flail.
You miscast Foxfire.
Nothing appears to happen.
The gnoll throws a throwing net.
The throwing net hits you.
You become entangled in the net!
You struggle against the net.
You struggle against the net.
The gnoll hits you with a +0 flail!
You struggle against the net.
The gnoll hits you with a +0 flail!
You rip the net and break free!
The gnoll hits you with a +0 flail!
* * * LOW HITPOINT WARNING * * *
Okay, then.
You are too injured to fight recklessly!
Casting: Foxfire (safe; 7% risk of failure)
Press: ? - help, Q - select action, (/) - cycle Dir - look around, f - activate You conjure some foxfire!
The gnoll hits you with a +0 flail.
* * * LOW HITPOINT WARNING * * *
Casting: Foxfire (safe; 7% risk of failure)
Confirm with . or Enter, or press ? or * to list all spells.
Flames lash the gnoll.
The gnoll is moderately wounded.
The gnoll's fire resistance burns away.
The foxfire hits the gnoll!
The gnoll is burned terribly!
The gnoll is almost dead.
The foxfire hits the gnoll but does no damage.
The gnoll is almost dead.
The gnoll hits you with a +0 flail.
* * * LOW HITPOINT WARNING * * *
Casting: Foxfire (safe; 7% risk of failure)
Press: ? - help, Q - select action, (/) - cycle Dir - look around, f - activate You conjure some foxfire!
The gnoll hits you with a +0 flail.
You die...

### # ##... . #...
.# # #..##.#.#
########..#.....
#.....##.......#
#.###.##v†...?.#
#.# #..v@g...#
#.###.####.###
#..[....##.#
#####.#.##.#######
#.#.##.......#
#............#
###.##.......#
####.##.......#
#....##.......#


You could see a gnoll (combustible, ally target).

Vanquished Creatures
  An orc wizard (D:2)
  2 gnolls (D:3)
  A worm (D:3)
  2 dart slugs (D:2)
  4 orcs
  2 endoplasms
  2 giant cockroaches
  6 goblins
  6 hobgoblins
  7 jackals
  2 quokkas
  5 ball pythons
  7 bats
  2 frilled lizards
  2 kobolds
  10 rats
61 creatures vanquished.

Vanquished Creatures (others)
  107 foxfires
107 creatures vanquished.

Grand Total: 168 creatures vanquished

Notes
Turn   | Place    | Note
-------+----------+-------------------------------------------
     0 | D:1      | cheesebisquit the Draconian Fire Elementalist began the
                  | quest for the Orb.
     0 | D:1      | Reached XP level 1. HP: 14/14 MP: 3/3
   228 | D:1      | Reached XP level 2. HP: 5/22 MP: 1/5
   319 | D:1      | Found Intoll's Antique Armour Shoppe.
   383 | D:1      | Got Taunoiwo's Notes on the Legion
   567 | D:1      | Reached skill level 1 in Fighting
   864 | D:1      | Learned a level 2 spell: Scorch
  1179 | D:2      | Reached XP level 3. HP: 28/28 MP: 4/6
  2091 | D:2      | Reached XP level 4. HP: 24/36 MP: 0/8
  2447 | D:3      | Slain by a gnoll

Illustrated notes

Levels and vault maps discovered:
D:1:      lightli_arrival_farm, layout_basic, serial_shops, shop,
          grunt_decor_resistance, dk_noncrumbling_2
D:2:      layout_basic, chequers_serial_rivers_small_a, dk_vineyard_3,
          minmay_fountain_box, minmay_octomino_e4
D:3:      layout_loops_cross, lightli_corner_chamber

Skill      XL: |  1  2  3  4 |
---------------+-------------+-----
Dodging        | 2 |  2.7
Fighting       | 1 2 |  2.1
Stealth        | |  1.7
Spellcasting   | |  2.8
Conjurations   | |  1.0
Fire Magic     | |  3.8

Action                     |  1- 3 |  4- 6 || total
---------------------------+-------+-------++-------
  Melee: Unarmed           |    24 |       ||    24
         Tailslap          |     6 |       ||     6
         Club              |    29 |       ||    29
         Punch             |     1 |       ||     1
   Fire: Arbalest          |     4 |    15 ||    19
   Cast: Foxfire           |    51 |    14 ||    65
         Scorch            |    11 |     3 ||    14
    Use: Potion            |     3 |       ||     3
   Stab: Sleeping          |     1 |       ||     1
 Armour: Skin              |    37 |     7 ||    44
  Dodge: Dodged            |    78 |    10 ||    88

Table legend: (Time is in decaauts)
 A = Elapsed time spent in this place.
 B = Non-inter-level travel time spent in this place.
 C = Inter-level travel time spent in this place.
 D = Time resting spent in this place.
 E = Time spent auto-exploring this place.
 F = Levels seen in this place.
 G = Mean time per level.
                   A        B        C        D        E       F      G
               +--------+--------+--------+--------+--------+-----+--------+
         Total |   2491 |   2338 |    153 |     28 |   1872 |   3 |  830.3 |
       Dungeon |   2491 |   2338 |    153 |     28 |   1872 |   3 |  830.3 |
               +--------+--------+--------+--------+--------+-----+--------+

Top non-repeatable levels by time:
     D:1: 1182 daAuts
     D:2: 1097 daAuts
     D:3: 212 daAuts
